 Dungeon Crawl Stone Soup version 0.29-a0-1023-g6ae1a4a2c7 (webtiles) character file.

Game seed: 2772513018067944876

4715 KleinerIrrer the Black Belt (level 11, -11/77 HPs)
             Began as a Meteoran Transmuter on Aug 11, 2022.
             Was a Priest of Zin.
             Mangled by a two-headed ogre
             ... wielding a +0 giant spiked club
              (15 damage)
             ... on level 10 of the Dungeon.
             The game lasted 00:34:09 (3918 turns).

KleinerIrrer the Black Belt (Meteoran Transmuter)   Turns: 3918, Time: 00:34:10

Health: -11/77     AC: 17    Str: 13    XL:     11   Next: 3%
Magic:  14/16      EV: 13    Int: 28    God:    Zin [***...]
Gold:   293        SH:  0    Dex: 16    Spells: 13/16 levels left

rFire   . . .      SeeInvis .     - Unarmed
rCold   . . .      Faith    .   D - orb {*Rage}
rNeg    . . .      Spirit   .   m - +4 ring mail of Iduci {rElec Int+3}
rPois   ∞          Reflect  .   (no helmet)
rElec   +          Harm     .   q - +1 cloak
rCorr   .          Rampage  .   (no gloves)
Will    +....      Rage     20% s - +1 pair of boots
Stlth   +.........              (no amulet)
HPRegen 0.22/turn               e - +4 ring of protection
MPRegen 0.15/turn               k - ring of poison resistance

@: vitalised, glowing
A: sense surroundings 2, otherworldly, glowing, explore regen, clever 1
a: Renounce Religion, Recite, Vitalisation, Imprison, Donate Gold


You were on level 10 of the Dungeon.
You worshipped Zin.
Zin was most pleased with you.
You visited 1 branch of the dungeon, and saw 10 of its levels.

You collected 1085 gold pieces.
You spent 504 gold pieces at shops.
You donated 288 gold pieces to Zin.

Inventory:

Missiles
 i - 13 poisoned darts
 p - 13 boomerangs
Armour
 m - the +4 ring mail of Iduci (worn) {rElec Int+3}
   (You found it on level 2 of the Dungeon)

   Int:       It affects your intelligence (+3).
   rElec:     It insulates you from electricity.
 q - a +1 cloak (worn)
 s - a +1 pair of boots (worn)
 B - +0 steam dragon scales
 D - an orb of wrath (worn)
Jewellery
 a - a ring of positive energy
 e - a +4 ring of protection (left hand)
 h - a +6 ring of intelligence
 k - a ring of poison resistance (right hand)
 x - a ring of fire
Wands
 v - a wand of roots (8)
 w - a wand of mindburst (17)
 y - a wand of polymorph (7)
Scrolls
 c - a scroll of teleportation
 g - 4 scrolls of vulnerability
 j - 2 scrolls of immolation
 l - a scroll of fear
 z - a scroll of poison
 A - a scroll of identify {unknown}
Potions
 b - a potion of lignification
 d - a potion of degeneration {unknown}
 f - a potion of curing {unknown}
 n - a potion of flight
 o - a potion of attraction
 r - a potion of brilliance
 t - 2 potions of mutation
 u - a potion of cancellation
 C - a potion of invisibility {unknown}
 E - a potion of heal wounds {unknown}


   Skills:
 - Level 1.1 Fighting
 + Level 2.1 Armour
 + Level 5.8 Dodging
 + Level 16.0 Unarmed Combat
 - Level 3.0 Spellcasting
 - Level 3.0 Transmutations
 * Level 5.3 Invocations


You had 13 spell levels left.
You knew the following spells:

 Your Spells              Type           Power      Damage    Failure   Level
a - Beastly Appendage     Tmut           42%        N/A       4%          1
b - Wereblood             Tmut           21%        N/A       8%          2

Your spell library contained the following spells:

 Spells                   Type           Power      Damage    Failure   Level
 Necrotise                Necr           16%        1d4       17%         1
 Ensorcelled Hibernation  Hex/Ice        8%         N/A       26%         2
 Spider Form              Tmut/Pois      12%        N/A       28%         3
 Vampiric Draining        Necr           4%         2d6       45%         3
 Ice Form                 Ice/Tmut       12%        N/A       67%         4
 Anguish                  Hex/Necr       2%         N/A       86%         4
 Agony                    Necr           4%         N/A       99%         5


Dungeon Overview and Level Annotations

Branches:
Dungeon (10/15) Zot: 2135
 Temple: D:4-7         Lair: D:8-11         Orc: D:9-12

Altars:
Dithmenos
Gozag
Makhleb
Nemelex Xobeh
Xom
Zin

Shops:
D:2 =


Innate Abilities, Weirdness & Mutations

You passively map the area around you.
You are easily found by Zot.
You glow in the dark.
You regain HP and MP as you explore.
Your mind is acute. (Int +4, Str/Dex -1)


Message History

The wyvern bites you but does no damage.
You barely miss the wyvern.
The wyvern is severely wounded.
The wyvern barely misses you.
You punch the wyvern!
You kill the wyvern!
Your Unarmed Combat skill increases to level 16!
You see here a wyvern corpse.
Casting: Wereblood (safe; 10% risk of failure)
Confirm with . or Enter, or press ? or * to list all spells.
Okay, then.
Unknown command.
Okay, then.
You open the door.
There is an open door here.
You open the door.
There is an open door here.
As you open the door, it creaks loudly!
There is an open door here.
A two-headed ogre comes into view.
It is wielding two +0 giant spiked clubs.
Okay, then.
The two-headed ogre shouts in stereo!
Zin grants you divine stamina.
You punch the two-headed ogre!
The two-headed ogre is lightly wounded.
The two-headed ogre hits you with a +0 giant spiked club! x2
You punch the two-headed ogre!
The two-headed ogre is moderately wounded.
You hit the two-headed ogre.
The two-headed ogre is heavily wounded.
The two-headed ogre completely misses you.
The two-headed ogre hits you with a +0 giant spiked club!!
You punch the two-headed ogre!
The two-headed ogre is heavily wounded.
You punch the two-headed ogre!
The two-headed ogre is severely wounded.
The two-headed ogre hits you with a +0 giant spiked club!!
* * * LOW HITPOINT WARNING * * *
The two-headed ogre hits you with a +0 giant spiked club!
You die...

#.............# **
#.............# , ,, , ,
, #.............# ,,* ,
#.............# ,
#.............# ,, , ,
#.............####+####+
###'###'#...............,
*
........#...............,
,,
........#.......@.......
*
........#........O......
........#...............
, , ,
.##..##'#...............
**
######......##+####'###.
,, , .....#......# ..,*
,, , , .....#......# .. ,
.....#......#, ..# , ,
.....#......# *, ,


You could see a two-headed ogre.

Vanquished Creatures
  Erolcha (D:9)
  A two-headed ogre (D:9)
  2 wyverns
  3 yaks (D:10)
  2 steam dragons
  An acid dragon (D:9)
  3 sky beasts
  An ice beast (D:6)
  An orc warrior (D:8)
  3 ogres
  3 centaurs
  A kobold brigand (D:5)
  4 bullfrogs
  A necrophage (D:5)
  5 wights
  A killer bee (D:8)
  3 howler monkeys
  3 orc priests
  2 gnoll boudas
  4 hounds
  2 iguanas
  Ijyb (D:5)
  4 orc wizards
  8 gnolls
  4 adders
  2 shadow imps
  A worm (D:2)
  A dart slug (D:4)
  18 orcs
  3 bats
  5 endoplasms
  4 giant cockroaches
  4 goblins
  9 hobgoblins
  7 kobolds
  3 quokkas
  7 ball pythons
  4 frilled lizards
  5 rats
137 creatures vanquished.

Vanquished Creatures (others)
  A gnoll sergeant (D:8)
  2 plants (D:8)
3 creatures vanquished.

Grand Total: 140 creatures vanquished

Notes
Turn   | Place    | Note
-------+----------+-------------------------------------------
     0 | D:1      | KleinerIrrer the Meteoran Transmuter began the quest for
                  | the Orb.
     0 | D:1      | Reached XP level 1. HP: 16/16 MP: 5/5
   154 | D:1      | Reached skill level 4 in Unarmed Combat
   154 | D:1      | Reached XP level 2. HP: 23/23 MP: 6/6
   157 | D:1      | Learned a level 2 spell: Wereblood
   296 | D:2      | Found Etyu's Jewellery Shoppe.
   301 | D:2      | Reached XP level 3. HP: 28/28 MP: 6/8
   544 | D:2      | Reached skill level 5 in Unarmed Combat
   569 | D:2      | Identified the +4 ring mail of Iduci {rElec Int+3}
   866 | D:3      | Reached XP level 4. HP: 23/35 MP: 7/9
   912 | D:3      | Found a faded altar of an unknown god.
   956 | D:3      | Identified a scroll of acquirement
   956 | D:3      | Acquired 738 gold pieces
  1075 | D:2      | Bought a +4 ring of protection for 504 gold pieces
  1154 | D:4      | Reached skill level 1 in Armour
  1189 | D:4      | Reached XP level 5. HP: 40/40 MP: 10/10
  1260 | D:4      | Reached skill level 6 in Unarmed Combat
  1439 | D:4      | Reached XP level 6. HP: 47/47 MP: 11/11
  1495 | D:5      | Entered Level 5 of the Dungeon
  1551 | D:5      | Reached skill level 7 in Unarmed Combat
  1638 | D:5      | Reached XP level 7. HP: 47/52 MP: 10/12
  1663 | D:5      | Reached skill level 8 in Unarmed Combat
  1742 | D:5      | Reached skill level 9 in Unarmed Combat
  1812 | D:5      | Noticed Ijyb
  1832 | D:5      | Killed Ijyb
  1833 | D:5      | Reached XP level 8. HP: 44/59 MP: 11/13
  1884 | D:6      | Found a shadowy altar of Dithmenos.
  1902 | D:6      | Found a shimmering altar of Xom.
  1929 | D:6      | Reached skill level 10 in Unarmed Combat
  2204 | D:6      | Reached skill level 11 in Unarmed Combat
  2225 | D:6      | Gained mutation: You passively map the area around you.
                  | [Meteoran growth]
  2225 | D:6      | Reached XP level 9. HP: 64/64 MP: 14/14
  2226 | D:6      | Found a burning altar of Makhleb.
  2383 | D:7      | Reached skill level 12 in Unarmed Combat
  2524 | D:7      | Found a sparkling altar of Nemelex Xobeh.
  2640 | D:7      | Reached skill level 13 in Unarmed Combat
  2771 | D:8      | Found a glowing silver altar of Zin.
  2789 | D:8      | Became a worshipper of Zin the Law-Giver
  2789 | D:8      | Reached * piety under Zin
  2789 | D:8      | Reached ** piety under Zin
  2790 | D:8      | Donated 230 gold pieces to Zin
  2797 | D:8      | Noticed an elephant
  2822 | D:8      | Reached skill level 5 in Dodging
  2822 | D:8      | Reached skill level 1 in Invocations
  2822 | D:8      | Reached XP level 10. HP: 58/71 MP: 15/15
  2837 | D:8      | Reached skill level 14 in Unarmed Combat
  2979 | D:9      | Noticed a two-headed ogre
  2997 | D:9      | Killed a two-headed ogre
  3044 | D:9      | Noticed Erolcha
  3056 | D:9      | Killed Erolcha
  3057 | D:9      | Reached skill level 15 in Unarmed Combat
  3284 | D:9      | HP: 2/71 [troll (12)]
  3576 | D:9      | Gained mutation: Your mind is acute. (Int +4, Str/Dex -1)
                  | [potion of mutation]
  3579 | D:10     | Entered Level 10 of the Dungeon
  3635 | D:10     | Reached skill level 5 in Invocations
  3666 | D:10     | Reached XP level 11. HP: 70/77 MP: 16/16
  3683 | D:10     | Found a glowing silver altar of Zin.
  3683 | D:10     | Found an opulent altar of Gozag.
  3695 | D:10     | Reached *** piety under Zin
  3876 | D:10     | Reached skill level 16 in Unarmed Combat
  3909 | D:10     | Noticed a two-headed ogre
  3918 | D:10     | Mangled by a two-headed ogre

Illustrated notes

Levels and vault maps discovered:
D:1:      eino_arrival_cavern_a, layout_loops_corners, minmay_ruptured
D:2:      layout_rooms, serial_shops, shop
D:3:      layout_basic, ebering_ecumenical_altar_sacrificial
D:4:      layout_loops_corners, saegor_snake_ambush
D:5:      layout_loops_ring, uniq_ijyb
D:6:      layout_cave_pools, xom_teletrap_fun, mainiacjoe_overflow_24_doors,
          grunt_dithmenos_smoke, grunt_ministairs_3
D:7:      layout_loops_ring, nemelex_dance_club_becter,
          nicolae_overflow_two_pavilions, hangedman_decor_opposing
D:8:      layout_cave_pools, david_lair_generic, serial_park,
          serial_park_square2, serial_park_square3
          [serial_park_minivault_5x5_3], serial_park_square3
          [serial_park_minivault_5x5_4], serial_park_square3
          [serial_park_minivault_5x5_5], serial_park_square3
          [serial_park_minivault_5x5_7]
D:9:      layout_stronghold, roderic_roman_lattice, skrybe_limestone_x,
          lightli_orcish_oven, uniq_erolcha
D:10:     lemuel_insect_pit, layout_gridville,
          grunt_temple_overflow_gold_and_silver, uniq_erica

Skill      XL: |  1  2  3  4  5  6  7  8  9 10 11 |
---------------+----------------------------------+-----
Unarmed Combat | 4 5 6 7 9 11 13 15 16 | 16.0
Spellcasting   | 3 |  3.0
Transmutations | 3 |  3.0
Armour         | 1 2 |  2.1
Dodging        | 3 5 |  5.8
Invocations    | 1 5 |  5.3
Fighting       | |  1.1

Action                   |  1- 3 |  4- 6 |  7- 9 | 10-12 || total
-------------------------+-------+-------+-------+-------++-------
Melee: Unarmed           |    97 |   101 |   189 |    99 ||   486
       Punch             |     3 |     4 |    12 |     5 ||    24
       Headbutt          |     4 |    10 |    31 |       ||    45
       Kick              |     3 |    17 |    47 |       ||    67
 Cast: Wereblood         |     6 |     4 |    13 |       ||    23
       Beastly Appendage |     3 |    11 |    18 |       ||    32
Invok: Recite            |       |       |     1 |     4 ||     5
       Donate Gold       |       |       |     1 |       ||     1
       Vitalisation      |       |       |       |     3 ||     3
  Use: Scroll            |       |     8 |       |     2 ||    10
       Potion            |       |       |       |     5 ||     5
 Stab: Invisible         |       |       |       |     1 ||     1
Armor: Robe              |     8 |       |       |       ||     8
       Ring mail         |    14 |    43 |    89 |    47 ||   193
Dodge: Dodged            |    38 |    32 |    65 |    44 ||   179

Table legend: (Time is in decaauts)
 A = Elapsed time spent in this place.
 B = Non-inter-level travel time spent in this place.
 C = Inter-level travel time spent in this place.
 D = Time resting spent in this place.
 E = Time spent auto-exploring this place.
 F = Levels seen in this place.
 G = Mean time per level.
                   A        B        C        D        E       F      G
               +--------+--------+--------+--------+--------+-----+--------+
         Total |   3864 |   1767 |   2097 |    100 |     17 |  10 |  386.4 |
       Dungeon |   3864 |   1767 |   2097 |    100 |     17 |  10 |  386.4 |
               +--------+--------+--------+--------+--------+-----+--------+

Top non-repeatable levels by time:
     D:9: 740 daAuts
     D:2: 530 daAuts
     D:4: 446 daAuts
     D:7: 424 daAuts
     D:6: 382 daAuts
     D:5: 368 daAuts
    D:10: 334 daAuts
     D:1: 293 daAuts
     D:3: 213 daAuts
     D:8: 131 daAuts
